AoeStats
← Luchiansky

Arabia

520741663Analyzed
1v1 RM · 3d ago on Nov 13, 2026· 36m 44s· 2 players
Game mode
Random Map
Map size
Tiny (2 player)
Population
200
Speed
Normal
Resources
Standard
Victory
Conquest
Starting age
Dark Age
Ending age
Imperial Age
RankedLock teamsTeams togetherTeam positionsShared explorationLock speedFull tech treeHidden civsTurbo modeCheats
Victory
Defeat
🇦🇷 Magyars · Argentina
1188
+17
vs
🇬🇧 Saxons · United Kingdom
1216
-17
Luchiansky
6:46 Loom
9:32 Feudal Age
10:30 Double-Bit Axe
17:30 Wheelbarrow
21:30 Castle Age
19:24 Gold Mining
19:27 Fletching
20:04 Horse Collar
20:55 Padded Archer Armor
21:51 Bloodlines
22:10 Bodkin Arrow
22:31 Husbandry
24:00 Leather Archer Armor
26:17 Town Watch
26:48 Bow Saw
27:06 Heavy Plow
27:23 Scale Barding Armor
33:31 Chain Barding Armor
35:46 Hand Cart
Binny Bong Baron
5:42 Loom
11:46 Feudal Age
15:48 Castle Age
14:20 Horse Collar
16:44 Scale Mail Armor
16:44 Fletching
21:23 Chain Mail Armor
23:19 Bodkin Arrow
27:19 Forging
30:05 Iron Casting
35:15 Squires
Connection lost

Rejoining the realm…

Still unreachable

The connection could not be restored.

Session expired

The server has moved on; the page needs a fresh start.